 Dungeon Crawl Stone Soup version 0.20.0-8-g6b59dc7 (webtiles) character file.

202314 Zleub the Bludgeoner (level 17, -6/154 HPs)
             Began as a Minotaur Fighter on May 29, 2017.
             Was the Champion of Makhleb.
             Mangled by a death yak (9 damage)
             ... led by Polyphemus
             ... on level 3 of the Shoals on June 1, 2017.
             The game lasted 05:34:25 (29154 turns).

Zleub the Bludgeoner (Minotaur Fighter)            Turns: 29154, Time: 05:34:29

Health: -6/154     AC: 21    Str: 42    XL:     17   Next: 94%
Magic:  26/26      EV:  2    Int:  5    God:    Makhleb [******]
Gold:   821        SH:  0    Dex: 19    Spells: 16/16 levels left

rFire    . . .     SeeInvis +   s - +9 morningstar (flame)
rCold    . . .     Gourm    .   Z - +4 large shield {reflect}
rNeg     + + +     Faith    .   L - +4 ring mail "Qemn" {SInv Stlth+}
rPois    ∞         Spirit   .   M - +2 hat {MR+}
rElec    .         Reflect  +   A - scarf of the Spider Nest {Str+3}
rCorr    +         Harm     .   F - +2 pair of gloves {Str+3}
MR       ++...     Rnd*Rage +   O - +1 pair of boots {run}
Stlth    ++........             b - +5 amulet of reflection
Regen    0.4/turn               N - ring "Udi Hany" {Str+6 Dex+5}
MPRegen  0.2/turn               z - ring of Mysticism {rCorr rPois rN+ Str+4}

@: petrified, studying Earth Magic, quick
A: retaliatory headbutt, claws 1, horns 2, agile 1, berserk 1, poison
resistance, shaggy fur 1
}: 1/15 runes: gossamer
a: Minor Destruction, Lesser Servant of Makhleb, Major Destruction, Greater
Servant of Makhleb, Renounce Religion


You were on level 3 of the Shoals.
You worshipped Makhleb.
Makhleb was exalted by your worship.
You were not hungry.

You visited 6 branches of the dungeon, and saw 31 of its levels.
You also visited: Sewer and Ice Cave.

You collected 3244 gold pieces.
You spent 2423 gold pieces at shops.

Inventory:

Hand Weapons
 s - a +9 morningstar of flaming (weapon)
Armour
 A - the scarf of the Spider Nest (worn) {Str+3}
   (You acquired it on level 15 of the Dungeon)

   It affects your strength (+3).
 F - a +2 pair of gloves of strength (worn)
 L - the +4 ring mail "Qemn" (worn) {SInv Stlth+}
   (You found it on level 2 of the Lair of Beasts)

   It lets you see invisible.
   It makes you more stealthy.
 M - a +2 hat of magic resistance (worn)
 O - a +1 pair of boots of running (worn)
 Z - a +4 large shield of reflection (worn)
Jewellery
 b - a +5 amulet of reflection (around neck)
 p - the ring "Xofakki" {rCorr +Inv +Fly rN++ Str-3}
   (You bought it in a shop on level 1 of the Orcish Mines)

   [ring of resist corrosion]

   It affects your strength (-3).
   It greatly protects you from negative energy.
   It lets you turn invisible.
   It lets you fly.
 z - the ring of Mysticism (right hand) {rCorr rPois rN+ Str+4}
   (You found it on level 15 of the Dungeon)

   [ring of resist corrosion]

   It affects your strength (+4).
   It protects you from poison.
   It protects you from negative energy.
 N - the ring "Udi Hany" (left hand) {Str+6 Dex+5}
   (You found it on level 15 of the Dungeon)

   [ring of strength]

   It affects your strength (+6).
   It affects your dexterity (+5).
Wands
 i - a wand of acid (0/15)
 w - a wand of digging (12/24)
 x - a wand of lightning (1/15)
 E - a wand of iceblast (5/15)
 G - a wand of iceblast (8/15)
 J - a wand of confusion (32/48)
 P - a wand of flame (25/48)
 Q - a wand of acid (12/15)
 R - a wand of flame (18/48)
Scrolls
 h - 5 scrolls of identify
 j - 2 scrolls of blinking
 k - 15 scrolls of teleportation
 o - 4 scrolls of fear
 u - 7 scrolls of remove curse
 y - a scroll of holy word
 I - 2 scrolls of enchant weapon
 K - 4 scrolls of magic mapping
 W - 5 scrolls of fog
Potions
 a - a potion of invisibility {unknown}
 d - 4 potions of might
 e - 3 potions of brilliance
 m - 2 potions of agility
 n - 6 potions of lignification
 q - 11 potions of curing
 r - 6 potions of ambrosia
 t - 2 potions of berserk rage
 B - 3 potions of heal wounds
 C - 5 potions of flight
 V - 5 potions of haste
 Y - a potion of resistance
Books
 T - a manual of Earth Magic
Miscellaneous
 v - a lightning rod (2/4)
 D - a fan of gales
Comestibles
 f - 12 bread rations
 g - 26 meat rations
 l - 19 royal jellies


   Skills:
 + Level 14.6 Fighting
 - Level 16.0 Maces & Flails
 + Level 15.4 Armour
 + Level 13.1 Dodging
 - Level 1.0 Stealth
 + Level 15.8 Shields
 + Level 13.5 Invocations
 - Level 9.0 Evocations


You had 16 spell levels left.
You didn't know any spells.

Dungeon Overview and Level Annotations

Branches:
Dungeon (15/15)            Temple (1/1) D:6            Lair (6/6) D:9
 Shoals (3/4) Lair:4       Spider (4/4) Lair:2        Slime (0/5) Lair:6
    Orc (2/2) D:12            Elf (0/3) Orc:2        Vaults (0/5) D:14
 Depths (0/5) D:15

Altars:
Ashenzari
Cheibriados
Dithmenos
Elyvilon
Fedhas
Gozag
Hepliaklqana
Kikubaaqudgha
Makhleb
Nemelex Xobeh
Okawaru
Qazlal
Ru
Sif Muna
Trog
Uskayaw
Vehumet
Xom
Yredelemnul
Zin
The Shining One
Beogh

Shops:
D:4 :(*[   D:5 *   D:8 ?   D:13 *   D:15 [[?   Orc:1 %(=   Orc:2 *(?!
Shoals:3 (*

Annotations:
Lair:2 exclusion: oklob plant
Shoals:3 Polyphemus


Innate Abilities, Weirdness & Mutations

You reflexively headbutt those who attack you in melee.
You have a pair of horns on your head.
You have sharp fingernails.
You are agile. (Dex +2)
You tend to lose your temper in combat.
Your system is resistant to poisons. (rPois)
You are covered in fur. (AC +1)


Message History

The death yak snorts and paws the ground.
The death yak gores you.
* * * LOW HITPOINT WARNING * * *
You are engulfed in calcifying dust.
The death yak gores you but does no damage.
Polyphemus hits you.
* * * LOW HITPOINT WARNING * * *
Polyphemus hits you but does no damage. The death yak gores you!
* * * LOW HITPOINT WARNING * * *
The catoblepas gores you!
* * * LOW HITPOINT WARNING * * *
The death yak gores you.
* * * LOW HITPOINT WARNING * * *
You are engulfed in calcifying dust.
The death yak gores you. Polyphemus hits you!!
* * * LOW HITPOINT WARNING * * *
Polyphemus hits you!
* * * LOW HITPOINT WARNING * * *
The death yak gores you!!
You die...

≈≈≈≈≈≈≈≈≈≈≈...>....∩.
≈≈≈≈≈≈≈≈≈≈≈≈≈≈≈≈..>..(.#.#
≈≈≈≈≈≈≈≈≈≈≈≈..≈≈≈...)......
.≈≈≈≈≈≈≈≈≈≈≈≈≈≈≈≈..≈...........(
#≈≈≈≈≈≈≈≈≈≈≈≈≈≈≈≈..≈............
##.≈≈≈≈≈≈≈≈≈≈≈≈≈≈≈≈..............
#..≈≈≈≈≈≈≈≈≈≈≈≈≈≈≈...............
..≈≈≈≈≈≈≈≈≈≈≈≈≈YYY...............
≈≈≈≈≈≈≈≈≈≈≈≈..YC@Y.###.....≈≈≈.≈≈
≈≈≈≈≈≈≈≈≈≈≈...##§.## ##...≈≈≈≈≈≈≈
≈.)..≈≈≈≈≈≈(.###### ##..≈≈≈≈≈≈≈
.##..)≈≈≈≈≈≈## ##.≈≈≈≈≈≈≈≈
.##..≈≈≈≈≈≈≈.# ##...≈≈≈≈≈≈≈≈
####.)≈≈.≈≈≈.#### ##...≈≈≈≈≈≈≈≈≈
.. ##.....≈≈≈...####.≈≈≈≈≈≈≈≈≈≈≈≈
≈.###...#..≈P≈≈...%.≈≈≈≈≈≈≈≈≈≈≈≈≈
≈≈≈.........≈≈≈≈≈≈≈≈≈≈.≈≈≈≈≈≈≈≈≈≈


You could see Polyphemus, 4 death yaks and a catoblepas.

Vanquished Creatures
  An Ice Fiend (IceCv)
  Gastronok (Lair:3)
  Roxanne (Shoals:1)
  The ghost of herpmino the Severer, a journeyman DDHu of Makhleb (Orc:2)
  6 ghost moths
  2 frost giants (D:15)
  4 emperor scorpions (Spider:4)
  2 spark wasps (Spider:4)
  A dire elephant (Lair:6)
  A merfolk javelineer (Shoals:2)
  3 merfolk impalers
  A yaktaur captain (D:15)
  2 great orbs of eyes (D:15)
  2 rakshasas (D:15)
  4 vault guards (D:15)
  7 hydras
  An alligator snapping turtle (Shoals:2)
  A merfolk avatar (Lair:6)
  2 catoblepae
  3 centaur warriors (D:15)
  4 two-headed ogres
  A death knight (D:9)
  7 dancing weapons (Spider:1)
  A merfolk aquamancer (Shoals:1)
  2 tengu warriors (D:15)
  3 orc high priests
  2 skeletal warriors (D:15)
  5 sea snakes
  The ghost of cereshysteria the Cleaver, a novice DsFi of Okawaru (D:8)
  3 wizards (D:14)
  5 unseen horrors
  2 necromancers
  9 harpies
  7 orc knights
  A phantasmal warrior (D:15)
  4 ugly things
  11 orb spiders
  2 wolf spider zombies (D:15)
  4 orc sorcerers (Orc:2)
  7 fauns
  14 manticores
  24 wolf spiders
  5 cyclopes
  10 elephants
  Maurice (D:10)
  An ice statue (IceCv)
  Joseph (D:12)
  A moth of wrath (Spider:2)
  3 black mambas
  3 centaur zombies
  2 water nymphs (Shoals:1)
  5 merfolk sirens
  2 torpor snails (Spider:1)
  15 spiny frogs
  A kobold demonologist (D:12)
  2 gargoyles (D:14)
  12 komodo dragons
  5 ice devils (IceCv)
  3 freezing wraiths (IceCv)
  13 demonic crawlers
  4 rime drakes
  5 anaconda simulacra (IceCv)
  3 tengu conjurers (D:15)
  5 trolls
  2 golden dragon simulacra (IceCv)
  22 merfolk
  A queen bee (D:10)
  20 jumping spiders
  3 polar bears (Lair:6)
  2 wind drakes
  A raiju (shapeshifter) (D:13)
  6 snapping turtles
  17 hornets
  Prince Ribbit (D:5)
  7 dream sheep
  Grinder (D:5)
  9 blink frogs
  A hornet (shapeshifter) (D:15)
  8 hippogriffs
  A slime creature (D:15)
  4 water elementals
  A dire elephant simulacrum (IceCv)
  41 tarantellas
  34 yaks
  A spriggan (D:15)
  A tarantella (shapeshifter) (D:14)
  A shadow (D:15)
  Sigmund (D:4)
  58 redbacks
  18 humans (D:14)
  A vampire (D:14)
  A wraith (D:13)
  2 hungry ghosts (D:8)
  8 basilisks
  3 fire elementals (D:15)
  8 wyverns
  2 wargs (Orc:1)
  An iron troll simulacrum (IceCv)
  3 hydra simulacra (IceCv)
  An acid dragon (D:15)
  4 harpy simulacra (IceCv)
  2 soldier ants
  3 hell hounds (D:15)
  11 porcupines
  2 floating eyes (D:15)
  A swamp drake (D:12)
  12 water moccasins
  3 sky beasts
  28 orc warriors
  3 ettin simulacra (IceCv)
  5 ice beasts
  An eye of draining (D:12)
  A phantom (D:7)
  2 necrophages (D:6)
  11 ogres
  21 wolves
  12 centaurs
  19 crocodiles
  5 big kobolds
  Blork the orc (D:6)
  11 bullfrogs
  A wyvern zombie (D:9)
  A wyvern skeleton (D:11)
  4 scorpions
  An elephant simulacrum (IceCv)
  11 jellies
  41 killer bees
  13 wights
  An electric eel (Lair:4)
  4 howler monkeys
  6 crimson imps
  A quasit (D:9)
  A bullfrog zombie (D:11)
  18 orc priests
  4 centaur skeletons
  2 hounds
  26 orc wizards
  2 bullfrog skeletons
  2 iguanas
  4 troll simulacra (IceCv)
  10 worker ants
  3 polar bear simulacra (IceCv)
  3 centaur simulacra (IceCv)
  A hound zombie (D:8)
  3 hound skeletons
  4 worker ant zombies
  10 adders
  4 naga simulacra (IceCv)
  An ogre simulacrum (IceCv)
  2 shadow imps
  7 white imps (IceCv)
  7 ufetubi (IceCv)
  23 oozes
  An adder skeleton (D:3)
  5 worms
  4 dart slugs
  5 leopard geckos
  77 orcs
  2 giant cockroaches
  5 goblins
  9 hobgoblins
  4 jackals (D:2)
  4 quokkas
  4 ball pythons
  10 bats
  8 frilled lizards
  33 kobolds
  A leopard gecko skeleton (D:5)
  A quokka zombie (D:9)
  16 rats
  2 fungi
  3 plants (Shoals:1)
1132 creatures vanquished.

Vanquished Creatures (collateral kills)
  An emperor scorpion (Spider:4)
  Azrael (D:15)
  A vault guard (D:14)
  An orc high priest (Orc:2)
  2 orc knights (Orc:2)
  3 orb spiders (Spider:4)
  A wolf spider (Spider:4)
  A spiny frog (Lair:4)
  A komodo dragon (Lair:4)
  A troll (D:15)
  A hornet (Spider:4)
  A queen bee (Lair:3)
  A human (D:14)
  A yak (Lair:4)
  2 fire elementals (D:15)
  4 orc warriors (Orc:2)
  2 ogres (Orc:2)
  A bullfrog (Lair:4)
  3 killer bees (Lair:3)
  An orc priest (Orc:2)
  3 orc wizards (Orc:2)
  3 orcs (Orc:2)
  A kobold (Sewer)
37 creatures vanquished.

Vanquished Creatures (others)
  A merfolk javelineer (Shoals:2)
  A centaur warrior (D:13)
  A satyr (Shoals:3)
  2 cyclopes
  2 fauns (Shoals:3)
  A rime drake (Lair:6)
  5 yaktaurs (D:15)
  A sky beast (D:12)
  An eye of draining (D:15)
  An orc (D:13)
  9 fungi
  6 plants
31 creatures vanquished.

Grand Total: 1200 creatures vanquished

Notes
Turn   | Place    | Note
-------+----------+-------------------------------------------
     0 | D:1      | Zleub the Minotaur Fighter began the quest for the Orb.
     0 | D:1      | Reached XP level 1. HP: 19/19 MP: 0/0
     6 | D:1      | Noticed a killer bee
     6 | D:1      | Noticed a rime drake
     6 | D:1      | Noticed a hog
     6 | D:1      | Noticed a crocodile
    79 | D:1      | Reached skill level 3 in Maces & Flails
   107 | D:1      | Reached XP level 2. HP: 26/26 MP: 1/1
   294 | D:1      | Reached skill level 4 in Maces & Flails
   626 | D:2      | Reached XP level 3. HP: 31/31 MP: 2/2
   979 | D:2      | Reached skill level 5 in Maces & Flails
  1154 | D:2      | Reached XP level 4. HP: 36/39 MP: 3/3
  1476 | D:2      | Found a deep blue altar of Sif Muna.
  1618 | D:3      | Found a basalt altar of Yredelemnul.
  1685 | D:3      | Found a bloodstained altar of Trog.
  2127 | D:3      | Reached skill level 6 in Maces & Flails
  2238 | D:3      | Reached XP level 5. HP: 36/45 MP: 4/4
  2336 | D:4      | Found Bikoatyo's Book Shop.
  2423 | D:4      | Found Vujank's Weapon Emporium.
  2429 | D:4      | Bought a +1 flail of crushing for 170 gold pieces
  2435 | D:4      | Noticed Sigmund
  2444 | D:4      | Killed Sigmund
  2444 | D:4      | Reached skill level 8 in Maces & Flails
  2444 | D:4      | Reached XP level 6. HP: 27/51 MP: 5/5
  2638 | D:4      | Found Vuaqaidgh's General Store.
  2766 | D:4      | Found a hazy altar of Hepliaklqana.
  2952 | D:4      | Found Jaenn's Antique Armour Shop.
  2981 | D:4      | Reached skill level 9 in Maces & Flails
  3070 | D:4      | Reached XP level 7. HP: 52/57 MP: 6/6
  3119 | D:4      | Found a snail-covered altar of Cheibriados.
  3299 | D:5      | Entered Level 5 of the Dungeon
  3319 | D:5      | Noticed Prince Ribbit
  3523 | D:5      | Killed Prince Ribbit
  3523 | D:5      | Reached skill level 1 in Evocations
  3749 | D:5      | Found Unih's Assorted Antiques.
  4066 | D:5      | Noticed Grinder
  4072 | D:5      | Killed Grinder
  4072 | D:5      | Reached skill level 10 in Maces & Flails
  4072 | D:5      | Reached XP level 8. HP: 64/64 MP: 8/8
  4105 | D:5      | Reached skill level 5 in Armour
  4105 | D:5      | Reached skill level 5 in Shields
  4128 | D:6      | Found a shadowy altar of Dithmenos.
  4144 | D:6      | Noticed Blork the orc
  4148 | D:6      | Killed Blork the orc
  4269 | D:6      | Reached skill level 11 in Maces & Flails
  4432 | D:6      | Reached XP level 9. HP: 52/70 MP: 10/10
  4464 | D:6      | Found a glowing drain.
  4468 | Sewer    | Entered a sewer
  4957 | D:6      | Found a staircase to the Ecumenical Temple.
  4994 | Temple   | Entered the Ecumenical Temple
  5062 | Temple   | Became a worshipper of Makhleb the Destroyer
  5971 | D:8      | Reached skill level 1 in Invocations
  5972 | D:8      | Noticed cereshysteria's ghost (novice DsFi)
  5986 | D:8      | Killed cereshysteria's ghost
  5986 | D:8      | Reached skill level 12 in Maces & Flails
  6113 | D:8      | Found a shattered altar of Ashenzari.
  6119 | D:8      | Found an opulent altar of Gozag.
  6122 | D:8      | Found an ancient bone altar of Kikubaaqudgha.
  6260 | D:8      | Found Kowarru's Magic Scroll Boutique.
  6271 | D:8      | Bought a scroll of identify for 30 gold pieces
  6271 | D:8      | Bought a scroll of recharging for 142 gold pieces
  6288 | D:8      | Noticed a two-headed ogre
  6295 | D:8      | Killed a two-headed ogre
  6295 | D:8      | Reached XP level 10. HP: 45/77 MP: 12/12
  6654 | D:9      | Noticed a manticore
  6655 | D:9      | Noticed a death knight
  6976 | D:9      | Reached * piety under Makhleb
  7602 | D:9      | Noticed a manticore
  7626 | D:9      | Killed a manticore
  7626 | D:9      | Reached skill level 5 in Evocations
  7745 | D:9      | Noticed a two-headed ogre
  7757 | D:9      | Killed a two-headed ogre
  7757 | D:9      | Reached skill level 13 in Maces & Flails
  7899 | D:9      | Found a staircase to the Lair.
  8270 | D:10     | Entered Level 10 of the Dungeon
  8324 | Lair:1   | Entered Level 1 of the Lair of Beasts
  8353 | Lair:1   | Reached skill level 5 in Invocations
  8385 | Lair:1   | Reached XP level 11. HP: 72/82 MP: 14/14
  8410 | Lair:1   | Noticed a six-headed hydra
  8488 | Lair:1   | Killed a six-headed hydra
  9574 | Lair:1   | Reached ** piety under Makhleb
  9690 | Lair:2   | Got a shimmering ring mail
  9701 | Lair:2   | Identified the +4 ring mail "Qemn" {SInv Stlth+} (You found it on level 2 of the Lair of Beasts)
  9738 | Lair:2   | Noticed an eight-headed hydra
  9753 | Lair:2   | Killed an eight-headed hydra
  9993 | Lair:2   | Noticed an oklob plant
 10603 | Lair:2   | Reached skill level 10 in Armour
 10876 | Lair:2   | Upgraded the game from 0.20.0-6-gd3061e9 to 0.20.0-8-g6b59dc7
 11082 | Lair:2   | Found a hole to the Spider Nest.
 11082 | Lair:2   | Noticed an orb spider
 11240 | Lair:2   | Killed an orb spider
 11240 | Lair:2   | Reached skill level 1 in Dodging
 12042 | Lair:2   | Identified a scroll of acquirement
 12209 | Lair:3   | Noticed a seven-headed hydra
 12392 | D:10     | Reached *** piety under Makhleb
 12524 | D:10     | Noticed Maurice
 12548 | D:10     | Killed Maurice
 12548 | D:10     | Reached skill level 5 in Fighting
 12548 | D:10     | Reached XP level 12. HP: 94/94 MP: 15/17
 13377 | D:11     | Gained mutation: You possess an exceptional clarity of mind. [mutagenic meat]
 13378 | D:11     | Gained mutation: You are partially covered in icy blue scales. (AC +2) [mutagenic meat]
 13464 | D:11     | Noticed a six-headed hydra
 13759 | D:12     | Reached **** piety under Makhleb
 13902 | D:12     | Found a staircase to the Orcish Mines.
 14233 | D:12     | Gained mutation: You are partially covered in rugged brown scales. (AC +1, +3% HP) [mutagenic meat]
 14241 | D:12     | Found a bloodstained altar of Trog.
 14243 | D:12     | Noticed a tengu warrior
 14424 | D:12     | Noticed a two-headed ogre
 14455 | D:12     | Noticed Joseph
 14483 | D:12     | Killed Joseph
 14774 | D:9      | Killed a death knight
 14774 | D:9      | Reached skill level 5 in Dodging
 15110 | Lair:3   | Reached ***** piety under Makhleb
 15130 | Lair:3   | Reached skill level 10 in Invocations
 16098 | Lair:3   | Reached XP level 13. HP: 107/108 MP: 19/19
 16221 | Lair:3   | Noticed Gastronok
 16241 | Lair:3   | Killed Gastronok
 16722 | Lair:3   | Reached skill level 10 in Shields
 17226 | Orc:1    | Entered Level 1 of the Orcish Mines
 17287 | Orc:1    | Found Muts's Antique Weapon Shoppe.
 17300 | Orc:1    | Found Qeklo's Jewellery Shoppe.
 17308 | Orc:1    | Bought the ring "Xofakki" {rCorr +Inv +Fly rN++ Str-3} for 483 gold pieces
 17675 | Orc:1    | Found a roughly hewn altar of Beogh.
 17677 | Orc:1    | Found Inaff's Food Boutique.
 17772 | Orc:2    | Entered Level 2 of the Orcish Mines
 17835 | Orc:2    | Found a staircase to the Elven Halls.
 17912 | Orc:2    | Found a roughly hewn altar of Beogh.
 17921 | Orc:2    | Noticed herpmino's ghost (journeyman DDHu)
 17967 | Orc:2    | Killed herpmino's ghost
 18098 | Orc:2    | Reached skill level 14 in Maces & Flails
 18135 | Orc:2    | Found Mitsoet's General Store.
 18135 | Orc:2    | Found Cutocuh's Distillery.
 18137 | Orc:2    | Found Ytwedaqi's Antique Weapon Boutique.
 18137 | Orc:2    | Found Osasel's Magic Scroll Emporium.
 18154 | Orc:2    | Bought a potion of berserk rage for 70 gold pieces
 18154 | Orc:2    | Bought a potion of curing for 42 gold pieces
 18154 | Orc:2    | Bought a potion of curing for 42 gold pieces
 18154 | Orc:2    | Bought 2 potions of heal wounds for 140 gold pieces
 18154 | Orc:2    | Bought a potion of curing for 42 gold pieces
 18858 | Lair:4   | Reached ****** piety under Makhleb
 19129 | Lair:4   | Reached XP level 14. HP: 121/121 MP: 21/21
 19326 | Lair:4   | Found a staircase to the Shoals.
 20040 | Lair:6   | Entered Level 6 of the Lair of Beasts
 20251 | Lair:6   | Reached skill level 10 in Fighting
 20433 | Lair:6   | Found a staircase to the Slime Pits.
 20853 | Lair:6   | Got a heavily runed iron ring
 20859 | Lair:6   | Identified Ullar's Collected Works on Boosting Unholy Arts
 20865 | Lair:6   | Identified the ring "Baickovu" {Wiz rF+ Str+6} (You found it on level 6 of the Lair of Beasts)
 21086 | D:13     | Found Jazelao's General Store.
 21208 | D:13     | Reached skill level 1 in Stealth
 21216 | D:13     | Gained mutation: You are clumsy. (Dex -2) [mutagenic meat]
 21217 | D:13     | Gained mutation: Your mind is acute. (Int +2) [mutagenic meat]
 21218 | D:13     | Gained mutation: You can translocate small distances at will. [mutagenic meat]
 21273 | D:13     | Reached skill level 15 in Maces & Flails
 21356 | D:13     | Gained mutation: You are weak. (Str -2) [mutagenic meat]
 21357 | D:13     | Lost mutation: You possess an exceptional clarity of mind. [mutagenic meat]
 21358 | D:13     | Lost mutation: You can translocate small distances at will. [mutagenic meat]
 21359 | D:13     | Gained mutation: Your body sometimes deteriorates upon taking damage. [mutagenic meat]
 21360 | D:13     | Gained mutation: You are somewhat resistant to further mutation. [mutagenic meat]
 21363 | D:13     | Lost mutation: You are weak. (Str -2) [potion of mutation]
 21363 | D:13     | Lost mutation: Your body sometimes deteriorates upon taking damage. [potion of mutation]
 21363 | D:13     | Lost mutation: Your mind is acute. (Int +2) [potion of mutation]
 21363 | D:13     | Lost mutation: You are clumsy. (Dex -2) [potion of mutation]
 21363 | D:13     | Gained mutation: Your muscles are strong. (Str +2) [potion of mutation]
 21363 | D:13     | Lost mutation: You are somewhat resistant to further mutation. [potion of mutation]
 21363 | D:13     | Gained mutation: You are covered in fur. (AC +1) [potion of mutation]
 21750 | D:14     | Gained mutation: Your muscles are very strong. (Str +4) [mutagenic meat]
 21752 | D:14     | Gained mutation: You have sharp toenails. [mutagenic meat]
 22117 | D:14     | Found a gate to the Vaults.
 22133 | D:14     | Reached XP level 15. HP: 131/131 MP: 22/22
 22238 | D:15     | Entered Level 15 of the Dungeon
 22261 | D:15     | Paralysed by a great orb of eyes for 3 turns
 22285 | D:15     | Found Jeiledgh's Magic Scroll Boutique.
 22309 | D:15     | Got a steaming scarf
 22320 | D:15     | Identified the scarf of the Spider Nest {Str+3} (You acquired it on level 15 of the Dungeon)
 22322 | D:15     | Bought a scroll of enchant armour for 127 gold pieces
 22322 | D:15     | Bought a scroll of identify for 34 gold pieces
 22322 | D:15     | Bought a scroll of recharging for 161 gold pieces
 22322 | D:15     | Bought a scroll of recharging for 161 gold pieces
 22354 | D:15     | Noticed Azrael
 22361 | D:15     | Killed Azrael
 22441 | D:15     | Got a slimy copper ring
 22442 | D:15     | Identified the ring of Mysticism {rCorr rPois rN+ Str+4} (You found it on level 15 of the Dungeon)
 22468 | D:15     | Reached skill level 10 in Dodging
 22484 | D:15     | Noticed a frost giant
 22493 | D:15     | Killed a frost giant
 22560 | D:15     | Got a translucent platinum ring
 22563 | D:15     | Identified the ring "Zupaj" {rC- Str+6 SInv} (You found it on level 15 of the Dungeon)
 22596 | D:15     | Got a faintly glowing lapis lazuli ring
 22597 | D:15     | Identified the ring "Udi Hany" {Str+6 Dex+5} (You found it on level 15 of the Dungeon)
 22612 | D:15     | Paralysed by a floating eye for 2 turns
 22615 | D:15     | Paralysed by a floating eye for 4 turns
 22635 | D:15     | Found a staircase to the Depths.
 22697 | D:15     | Gained mutation: You are somewhat resistant to further mutation. [mutagenic meat]
 22706 | D:15     | Got a smoking steel ring
 22707 | D:15     | Identified the ring of Lylanli {*Corrode Str+4 Dex+2 Stlth-} (You found it on level 15 of the Dungeon)
 22804 | D:15     | Reached skill level 16 in Maces & Flails
 22810 | D:15     | Noticed a frost giant
 22820 | D:15     | Killed a frost giant
 22996 | D:15     | Found Hariykk's Antique Armour Shop.
 23008 | D:15     | Bought a pair of glowing boots for 262 gold pieces
 23018 | D:15     | Identified a +1 pair of boots of running (You bought it in a shop on level 15 of the Dungeon)
 23142 | D:15     | Lost mutation: You have sharp toenails. [mutagenic meat]
 23149 | D:15     | Found Siorer's Armour Shoppe.
 23535 | Spider:1 | Entered Level 1 of the Spider Nest
 23598 | Spider:1 | Reached XP level 16. HP: 145/145 MP: 23/23
 23863 | Spider:1 | Found a runed door.
 24446 | Spider:2 | Gained mutation: Your body sometimes deteriorates upon taking damage. [mutagenic meat]
 24983 | Spider:4 | Entered Level 4 of the Spider Nest
 25058 | Spider:4 | Lost mutation: You are somewhat resistant to further mutation. [potion of mutation]
 25058 | Spider:4 | Lost mutation: Your body sometimes deteriorates upon taking damage. [potion of mutation]
 25058 | Spider:4 | Lost mutation: You are partially covered in rugged brown scales. (AC +1, +3% HP) [potion of mutation]
 25058 | Spider:4 | Gained mutation: You have sharp fingernails. [potion of mutation]
 25059 | Spider:4 | Lost mutation: Your muscles are very strong. (Str +4) [potion of mutation]
 25059 | Spider:4 | Lost mutation: Your muscles are strong. (Str +2) [potion of mutation]
 25059 | Spider:4 | Lost mutation: You are partially covered in icy blue scales. (AC +2) [potion of mutation]
 25059 | Spider:4 | Gained mutation: You are agile. (Dex +2) [potion of mutation]
 25059 | Spider:4 | Gained mutation: You tend to lose your temper in combat. [potion of mutation]
 25059 | Spider:4 | Gained mutation: Your system is resistant to poisons. (rPois) [potion of mutation]
 25113 | Spider:4 | Found a frozen archway.
 25123 | IceCv    | Entered an ice cave
 25636 | IceCv    | Noticed an Ice Fiend
 25862 | IceCv    | Killed an Ice Fiend
 25888 | IceCv    | Got a pair of jewelled gloves
 25889 | IceCv    | Identified the +0 pair of gloves of Muopood {*Slow rPois rC++ Int-2} (You found it in an ice cave)
 26125 | Spider:4 | Reached XP level 17. HP: 150/150 MP: 25/25
 26211 | Spider:4 | Reached skill level 15 in Shields
 26380 | Spider:4 | Got a gossamer rune of Zot
 26622 | Shoals:1 | Entered Level 1 of the Shoals
 26623 | Shoals:1 | Noticed Roxanne
 26769 | Shoals:1 | Reached skill level 15 in Armour
 27182 | Orc:2    | Bought 3 scrolls of enchant armour for 405 gold pieces
 27189 | Orc:2    | Bought a scroll of enchant armour for 112 gold pieces
 27445 | Shoals:1 | Killed Roxanne
 27446 | Shoals:1 | Identified Roxanne's Almanac of Transmutation (You took it off Roxanne on level 1 of the Shoals)
 28668 | Shoals:3 | Found Wulyibit's General Store.
 28696 | Shoals:3 | Found Hes Qaipn's Antique Weapon Emporium.
 28870 | Shoals:3 | Noticed Polyphemus
 29154 | Shoals:3 | HP: 3/154 [Polyphemus (5)]
 29154 | Shoals:3 | Mangled by a death yak

Skill      XL: |  1  2  3  4  5  6  7  8  9 10 11 12 13 14 15 16 17 |
---------------+----------------------------------------------------+-----
Maces & Flails | 3 4 5 6 8 9 10 11 12 13 14 15 16 | 16.0
Armour         | 4 6 7 9 10 12 13 14 15 | 15.4
Shields        | 4 6 7 9 11 12 13 14 15 | 15.8
Evocations     | 2 3 4 5 6 7 8 9 |  9.0
Invocations    | 3 5 8 10 11 12 13 | 13.5
Fighting       | 5 7 9 10 12 13 14 | 14.6
Dodging        | 2 6 7 9 10 12 13 | 13.1
Stealth        | 1 |  1.0

Action                   |  1- 3 |  4- 6 |  7- 9 | 10-12 | 13-15 | 16-18 || total
-------------------------+-------+-------+-------+-------+-------+-------++-------
Melee: Flail             |   104 |   137 |    71 |       |       |       ||   312
       Headbutt          |    12 |    19 |    49 |   183 |   280 |   263 ||   806
       Morningstar       |       |       |   197 |   906 |  1226 |   804 ||  3133
Invok: Minor Destruction |       |       |       |     1 |       |       ||     1
       Greater Servant o |       |       |       |     1 |     1 |     4 ||     6
       Lesser Servant of |       |       |       |       |     6 |     5 ||    11
       Major Destruction |       |       |       |       |     1 |       ||     1
Evoke: Wand              |       |       |    22 |    81 |    77 |    22 ||   202
       Lightning rod     |       |       |       |       |     1 |     1 ||     2
       Fan of gales      |       |       |       |       |     1 |       ||     1
       Box of beasts     |       |       |       |       |     1 |       ||     1
  Use: Potion            |       |     2 |     5 |     5 |     4 |     6 ||    22
       Scroll            |       |       |    14 |    23 |    23 |    13 ||    73
 Stab: Confused          |       |       |       |     9 |     6 |       ||    15
       Sleeping          |       |       |       |     2 |     3 |     5 ||    10
       Paralysed         |       |       |       |     1 |       |       ||     1
       Distracted        |       |       |       |       |     1 |     1 ||     2
       Petrified         |       |       |       |       |       |    10 ||    10
       Held in net/web   |       |       |       |       |       |     1 ||     1
  Eat: Chunk             |     1 |     4 |     4 |    12 |    32 |    13 ||    66
       Meat ration       |       |     1 |       |       |     1 |       ||     2
       Bread ration      |       |       |     1 |     4 |     2 |     2 ||     9
       Royal jelly       |       |       |       |     2 |       |     1 ||     3
       Fruit             |       |       |       |     4 |       |     3 ||     7
Armor: Scale mail        |    43 |    39 |    78 |     9 |       |       ||   169
       Plate armour      |       |       |       |   132 |       |       ||   132
       Skin              |       |       |       |     5 |       |       ||     5
       Ring mail         |       |       |       |   198 |   247 |   196 ||   641
Dodge: Dodged            |    26 |    45 |    49 |   252 |   325 |   371 ||  1068
Block: Shield            |    50 |    54 |   123 |   695 |   926 |   776 ||  2624
       Reflection        |       |       |       |    12 |    46 |    73 ||   131
       Large shield      |       |       |       |       |       |   193 ||   193
